 Dungeon Crawl Stone Soup version 0.30-a0-743-gbfdf073431 (webtiles) character file.

Game seed: 14101957698646685199

555827 Zonian the Necromancer (level 25, -1/144 HPs)
             Began as a Vine Stalker Brigand on Jan 29, 2023.
             Was a High Priest of Ashenzari.
             Splashed by a caustic shrike's acid (4 damage)
             ... on level 4 of the Depths on Feb 7, 2023.
             The game lasted 05:23:45 (75985 turns).

Zonian the Necromancer (Vine Stalker Brigand)      Turns: 75985, Time: 05:23:45

Health: -1/144     AC:  6    Str: 31    XL:     25   Next: 84%
Magic:  0/56       EV: 25    Int: 18    God:    Ashenzari [*****.]
Gold:   4778       SH: 11    Dex: 27    Spells: 4/62 levels left

rFire   + . .      SeeInvis +    g - +2 rapier "Killer Klown's Bane" {speed, Fly MP+9}
rCold   + . .      Faith    .    k - +3 buckler of Cremastomancy {Fort, Melee} (curse)
rNeg    . . .      Spirit   +    W - +1 troll leather armour "At What Cost Knowledge?" {Regen+ Str+7 Int+5 Stlth+, Self, Fort} (curse)
rPois   +          Reflect  .    y - +0 helmet "Sibylline Loss" {Elem, Melee} (curse)
rElec   +          Harm     .    q - scarf "Overhang to Understand" {rC+ rF+, Elem, Melee} (curse)
rCorr   .          Rampage  +    x - +0 pair of gloves "Profound Cynicism" {Rampage Dex+5, Fort, Elem} (curse)
Will    +++..      Clarity  +    V - +0 pair of boots of the Elysian Doubts {rElec rPois Str+6 Int-2, Bglg, Melee} (curse)
Stlth   +++++++++                F - amulet "Revealing Inaction" {RegenMP Fly Regen+ Int+2 Dex+2, Bglg, Evo} (curse)
HPRegen 2.84/turn                S - ring "Share My Adversity" {Wiz, Cun, Evo} (curse)
MPRegen 0.75/turn                c - ring of the Tortoise {AC+8, Elem, Evo} (curse)

@: corroded, on blink cooldown, flying, unable to read, unable to drink
A: fangs 3, regeneration 1, magic shield, antimagic bite, no potion heal 2,
dopey 1, inability to drink after injury 1, inability to read after injury 1
}: 4/15 runes: serpentine, barnacled, slimy, silver
a: Renounce Religion, Shatter the Chains


You were on level 4 of the Depths.
You worshipped Ashenzari.
Ashenzari was extremely pleased with you.
You visited 10 branches of the dungeon, and saw 48 of its levels.
You also visited: Desolation.

You collected 8417 gold pieces.
You spent 3639 gold pieces at shops.

Inventory:

Hand Weapons
 f - the +10 sling of Anxiety {flame, rPois Stlth+}
   (You found it on level 4 of the Snake Pit)

   rPois:     It protects you from poison.
   Stlth:     It makes you more stealthy.
 g - the +2 rapier "Killer Klown's Bane" (weapon) {speed, Fly MP+9}
   (You found it on level 2 of the Dungeon)

   MP:        It affects your magic capacity (+9).
   Fly:       It grants you flight.
Missiles
 d - 64 poisoned darts (quivered)
 e - 13 curare-tipped darts
 m - 6 datura-tipped darts
 n - 18 javelins
 o - 8 silver javelins
 u - 7 boomerangs of dispersal
 I - 14 atropa-tipped darts
 J - 4 throwing nets
Armour
 k - the cursed +3 buckler of Cremastomancy (worn) {Fort, Melee}
   (You found it on level 1 of the Dungeon)

   It has a curse which improves the following skills: Fortitude: Armour and
   Shields.
   Melee Combat: Short Blades, Long Blades, Axes, Maces & Flails, Polearms,
   Staves and Unarmed Combat.
 q - the cursed scarf "Overhang to Understand" (worn) {rC+ rF+, Elem, Melee}
   (You found it on level 2 of the Depths)

   It has a curse which improves the following skills: Elements: Fire Magic, Ice
   Magic, Air Magic and Earth Magic.
   Melee Combat: Short Blades, Long Blades, Axes, Maces & Flails, Polearms,
   Staves and Unarmed Combat.
 x - the cursed +0 pair of gloves "Profound Cynicism" (worn) {Rampage Dex+5, Fort, Elem}
   (You bought it in a shop on level 1 of the Snake Pit)

   Dex:       It affects your dexterity (+5).
   Rampage:   It bestows one free step when moving towards enemies.
   It has a curse which improves the following skills: Fortitude: Armour and
   Shields.
   Elements:  Fire Magic, Ice Magic, Air Magic and Earth Magic.
 y - the cursed +0 helmet "Sibylline Loss" (worn) {Elem, Melee}
   (You found it on level 3 of the Dungeon)

   It has a curse which improves the following skills: Elements: Fire Magic, Ice
   Magic, Air Magic and Earth Magic.
   Melee Combat: Short Blades, Long Blades, Axes, Maces & Flails, Polearms,
   Staves and Unarmed Combat.
 V - the cursed +0 pair of boots of the Elysian Doubts (worn) {rElec rPois Str+6 Int-2, Bglg, Melee}
   (You found it on level 11 of the Dungeon)

   Str:       It affects your strength (+6).
   Int:       It affects your intelligence (-2).
   rElec:     It insulates you from electricity.
   rPois:     It protects you from poison.
   It has a curse which improves the following skills: Beguiling: Conjurations,
   Hexes and Translocations.
   Melee Combat: Short Blades, Long Blades, Axes, Maces & Flails, Polearms,
   Staves and Unarmed Combat.
 W - the cursed +1 troll leather armour "At What Cost Knowledge?" (worn) {Regen+ Str+7 Int+5 Stlth+, Self, Fort}
   (You bought it in a shop on level 4 of the Dungeon)

   Str:       It affects your strength (+7).
   Int:       It affects your intelligence (+5).
   Regen:     It increases your rate of health regeneration.
   Stlth:     It makes you more stealthy.
   It has a curse which improves the following skills: Introspection: Fighting
   and Spellcasting.
   Fortitude: Armour and Shields.
Magical Staves
 K - a staff of death
Jewellery
 c - the cursed ring of the Tortoise (right hand) {AC+8, Elem, Evo}
   (You found it on level 3 of the Elven Halls)

   [ring of protection]

   AC:        It affects your AC (+8).
   It has a curse which improves the following skills: Elements: Fire Magic, Ice
   Magic, Air Magic and Earth Magic.
   Evocations: Evocations.
 F - the cursed amulet "Revealing Inaction" (around neck) {RegenMP Fly Regen+ Int+2 Dex+2, Bglg, Evo}
   (You took it off a deep elf death mage on level 3 of the Elven Halls)

   [amulet of magic regeneration]

   It increases your rate of magic regeneration.
   Int:       It affects your intelligence (+2).
   Dex:       It affects your dexterity (+2).
   Fly:       It grants you flight.
   Regen:     It increases your rate of health regeneration.
   It has a curse which improves the following skills: Beguiling: Conjurations,
   Hexes and Translocations.
   Evocations: Evocations.
 S - the cursed ring "Share My Adversity" (left hand) {Wiz, Cun, Evo}
   (You found it on level 4 of the Lair of Beasts)

   [ring of wizardry]

   It improves your spell success rate.
   It has a curse which improves the following skills: Cunning: Dodging and
   Stealth.
   Evocations: Evocations.
Wands
 a - a wand of digging (1)
 b - a wand of paralysis (19)
 B - a wand of mindburst (25)
 O - a wand of flame (44)
 R - a wand of iceblast (24)
 U - a wand of light (29)
Scrolls
 i - 7 scrolls of teleportation
 p - 7 scrolls of blinking
 r - 2 scrolls of poison
 w - 4 scrolls of magic mapping
 z - 9 scrolls of fog
 E - 3 scrolls of butterflies
 N - 5 scrolls of silence
 T - 5 scrolls of fear
 Y - a scroll of enchant armour
Potions
 h - 30 potions of curing
 s - 7 potions of ambrosia
 t - 3 potions of invisibility
 v - 2 potions of brilliance
 A - 6 potions of resistance
 C - 6 potions of cancellation
 G - 7 potions of might
 L - 9 potions of lignification
 M - 5 potions of magic
 Q - 10 potions of flight
 X - 4 potions of haste
 Z - 3 potions of berserk rage
Miscellaneous
 j - a phantom mirror
 l - a condenser vane
 D - a lightning rod (4/4)
 H - a box of beasts
 P - a phial of floods


   Skills:
 - Level 16.8(19.0) Fighting
 - Level 11.6(17.0) Short Blades
 - Level 8.0 Ranged Weapons
 - Level 13.0 Throwing
 - Level 3.4(7.2) Armour
 - Level 11.7(14.0) Dodging
 + Level 17.0(19.1) Stealth
 - Level 4.0(8.0) Shields
 - Level 17.1(19.2) Spellcasting
 - Level 9.5(13.0) Conjurations
 - Level 4.7(8.0) Hexes
 - Level 2.4 Summonings
 - Level 19.9 Necromancy
 - Level 1.6(4.0) Translocations
 - Level 5.7 Transmutations
 - Level 3.4(8.0) Fire Magic
 - Level 8.0(13.4) Air Magic
 - Level 10.5(15.9) Earth Magic
 - Level 8.0 Poison Magic
 - Level 9.7(14.2) Evocations


You had 4 spell levels left.
You knew the following spells:

 Your Spells              Type           Power      Damage    Failure   Level
a - Mephitic Cloud        Conj/Pois/Air  56%        N/A       1%          3
b - Olgreb's Toxic Radia  Pois           46%        N/A       1%          4
c - Iron Shot             Conj/Erth      31%        9d6       1%          6
d - Vampiric Draining     Necr           73%        2d11      0%          3
e - Borgnjor's Vile Clut  Necr/Erth      35%        N/A       1%          5
f - Dispel Undead         Necr           73%        3d24      0%          4
g - Animate Dead          Necr           73%        N/A       0%          4
h - Swiftness             Air            60%        N/A       1%          3
i - Death Channel         Necr           36%        N/A       1%          6
j - Silence               Hex/Air        27%        N/A       1%          5
k - Irradiate             Conj/Tmut      25%        3d20      1%          5
l - Infestation           Necr           36%        N/A       3%          8
m - Blink                 Tloc           62%        N/A       1%          2

Your spell library contained the following spells:

 Spells                   Type           Power      Damage    Failure   Level
 Magic Dart               Conj           100%       1d8       0%          1
 Necrotise                Necr           100%       1d9       0%          1
 Sandblast                Erth           100%       2d20      0%          1
 Shock                    Conj/Air       100%       1d9       0%          1
 Cigotuvi's Dreadful Rot  Necr/Pois/Air  100%       N/A       0%          2
 Sublimation of Blood     Necr           73%        N/A       0%          2
 Apportation              Tloc           62%        N/A       1%          1
 Freeze                   Ice            80%        1d9       1%          1
 Slow                     Hex            100%       N/A       1%          1
 Sting                    Tmut/Pois      100%       1d8       1%          1
 Summon Small Mammal      Summ           100%       N/A       1%          1
 Call Imp                 Summ           26%        N/A       1%          2
 Ensorcelled Hibernation  Hex/Ice        66%        N/A       1%          2
 Lesser Beckoning         Tloc           62%        N/A       1%          2
 Momentum Strike          Conj/Tloc      94%        3d10      1%          2
 Passwall                 Tmut/Erth      45%        N/A       1%          2
 Poisonous Vapours        Pois/Air       100%       N/A       1%          2
 Call Canine Familiar     Summ           26%        N/A       1%          3
 Confusing Touch          Hex            46%        N/A       1%          3
 Hailstorm                Conj/Ice       42%        3d10      1%          3
 Ignite Poison            Fire/Tmut/Pois 43%        N/A       1%          3
 Portal Projectile        Hex/Tloc       76%        N/A       1%          3
 Spider Form              Tmut/Pois      42%        N/A       1%          3
 Summon Guardian Golem    Hex/Summ       36%        N/A       1%          3
 Tukima's Dance           Hex            46%        N/A       1%          3
 Vhi's Electric Charge    Tloc/Air       96%        N/A       1%          3
 Airstrike                Air            30%        2d(5-21)  1%          4
 Anguish                  Hex/Necr       30%        N/A       1%          4
 Cause Fear               Hex            23%        N/A       1%          4
 Flame Wave               Conj/Fire      53%        2d13      1%          4
 Leda's Liquefaction      Hex/Erth       28%        N/A       1%          4
 Petrify                  Tmut/Erth      54%        N/A       1%          4
 Summon Lightning Spire   Summ/Air       45%        N/A       1%          4
 Frozen Ramparts          Ice            40%        1d7       3%          3
 Ozocubu's Armour         Ice            20%        N/A       3%          3
 Manifold Assault         Tloc           31%        N/A       3%          4
 Passage of Golubria      Tloc           31%        N/A       3%          4
 Arcjolt                  Conj/Air       30%        1d40      1%          5
 Freezing Cloud           Conj/Ice/Air   25%        6-21      1%          5
 Yara's Violent Unravell  Hex/Tmut       21%        3d10      2%          5
 Blade Hands              Tmut           18%        N/A       4%          5
 Summon Mana Viper        Hex/Summ       36%        N/A       6%          5
 Eringya's Noxious Bog    Tmut/Pois      21%        N/A       16%         6
 Storm Form               Tmut/Air       25%        N/A       26%         7
 Lehudib's Crystal Spear  Conj/Erth      31%        10d8      28%         8
 Maxwell's Capacitive Co  Air            30%        ∞         38%         8
 Dispersal                Tloc           15%        N/A       43%         6
 Dragon Form              Tmut           18%        N/A       77%         7
 Shatter                  Erth           33%        3d27*     91%         9
 Summon Hydra             Summ           13%        N/A       99%         7
 Chain Lightning          Conj/Air       30%        3d40      99%         9
 Ozocubu's Refrigeration  Ice            10%        4d9       100%        7
 Summon Horrible Things   Summ           13%        N/A       100%        8
 Dragon's Call            Summ           13%        N/A       100%        9
 Fire Storm               Conj/Fire      26%        8d7       100%        9


Dungeon Overview and Level Annotations

Branches:
Dungeon (15/15)            Temple (1/1) D:5            Lair (5/5) D:11
 Shoals (4/4) Lair:3        Snake (4/4) Lair:2        Slime (5/5) Lair:4
    Orc (2/2) D:10            Elf (3/3) Orc:2        Vaults (5/5) D:14
  Crypt (0/3) Vaults:3     Depths (4/4) D:15            Zot (0/5) Depths:4
Desolation (visited)

Altars:
Ashenzari
Cheibriados
Dithmenos
Elyvilon
Fedhas
Gozag
Hepliaklqana
Kikubaaqudgha
Makhleb
Nemelex Xobeh
Okawaru
Qazlal
Ru
Sif Muna
Trog
Uskayaw
Vehumet
Wu Jian
Xom
Yredelemnul
Zin
The Shining One
Jiyva

Shops:
D:4 [   Orc:2 =!(**   Elf:2 (   Elf:3 (   Shoals:1 *   Shoals:3 (   Snake:1 [(
Snake:3 =:=   Vaults:2 (

Portals:
Hell: Depths:1 Depths:2 Depths:3
Abyss: Depths:2 Depths:3
Pandemonium: Depths:2
Ziggurat: Depths:2
Trove: D:10 (give 6 scrolls of fear)

Annotations:
D:2 1 runed translucent door, Crazy Yiuf, Sigmund
D:14 2 transporters, exclusion: obsidian statue
Lair:2 exclusion: oklob plant


Innate Abilities, Weirdness & Mutations

You have razor-sharp teeth.
Your natural rate of healing is unusually fast.
When hurt, damage is shared between your health and your magic reserves.
Your bite disrupts and absorbs the magic of your enemies.
Potions cannot restore your health.
You are dopey. (Int -2)
You occasionally lose the ability to drink potions when taking damage.
You occasionally lose the ability to read scrolls when taking damage.


Message History

* * * LOW HITPOINT WARNING * * *
Unknown command.
You cannot read scrolls in your current state!
Casting: Iron Shot (mildly dangerous; 1% risk of failure)
Confirm with . or Enter, or press ? or * to list all spells.
You blink.
The caustic shrike claws you!!
You feel threatened and lose the ability to drink potions!
* * * LOW HITPOINT WARNING * * *
You are splashed with acid!
* * * LOW HITPOINT WARNING * * *
The caustic shrike claws you but does no damage.
You cannot drink potions in your current state!
Unknown command.
Casting: Blink (safe; 1% risk of failure)
Confirm with . or Enter, or press ? or * to list all spells.
Okay, then.
Okay, then.
Okay, then.
You hit the caustic shrike but do no damage.
The caustic shrike is severely wounded.
The iron dragon bites your draconian stormcaller zombie!!
Your draconian stormcaller zombie is destroyed!
You hit the caustic shrike but do no damage.
You bite the caustic shrike! You drain its power.
You feel invigorated.
The caustic shrike is almost dead.
The caustic shrike claws your spark wasp zombie!
Your spark wasp zombie is splashed with acid.
The caustic shrike closely misses you. You block the caustic shrike's attack.
Your spark wasp zombie hits the iron dragon!
You hit the caustic shrike but do no damage.
You bite the caustic shrike!
You kill the caustic shrike!
The caustic shrike claws you!!
* * * LOW HITPOINT WARNING * * *
You are splashed with acid.
* * * LOW HITPOINT WARNING * * *
The caustic shrike claws you!
* * * LOW HITPOINT WARNING * * *
The acid corrodes you!
You are splashed with acid!
You die...

#.########
##'####### * ~
#Z# #.####### *
* #Z# #........
, #Z# #.#######*
~~ #.#
#######Z#######
**,~ ~~ #.#
#.......Z.....#
, ~~ #.#
#.###...Db....#
#.#
#.#≈#.bbb.....+,
, ~ #.#
#.#≈#..@†.....#
~ ~ ~ #.#
#.#§#.........#
*, ~ ~ ..#
#.###.........#
*** ###
#.............#
###############


You could see an iron dragon (ally target), 4 caustic shrikes, a friendly red
draconian zombie and a friendly spark wasp zombie.

Vanquished Creatures
  the Royal Jelly (Slime:5)
  Mara (Shoals:3)
  Josephina (Depths:3)
  Boris (Vaults:4)
  Sojobo (Depths:1)
  Bai Suzhen (Shoals:3)
  A caustic shrike (Depths:4)
  Saint Roka (Snake:4)
  Vashnia (Snake:4)
  A golden dragon (Depths:4)
  the Enchantress (Depths:3)
  3 tentacled monstrosities
  Jorgrun (Shoals:3)
  2 walking frostbound tomes (Depths:2)
  4 liches
  A quicksilver dragon (Vaults:5)
  2 deep elf master archers (Elf:3)
  9 titans
  15 acid blobs
  4 deep elf blademasters (Elf:3)
  Polyphemus (Shoals:3)
  7 sphinxes
  A kraken (Shoals:2)
  The ghost of ziggurnaut the Fighter, an adept BaFi of Cheibriados (Snake:4)
  3 storm dragons
  Kirke (Snake:3)
  3 shadow dragons
  12 tengu reavers
  7 azure jellies
  6 nagarajas (Snake:4)
  Ilsuiw (Shoals:3)
  16 rockslimes
  10 fire giants
  A fenstrider witch (shapeshifter) (Vaults:4)
  2 ghost moths (shapeshifter)
  An iron dragon (Depths:3)
  13 frost giants
  2 deep elf sorcerers (Elf:3)
  A draconian scorcher (Depths:4)
  Aizul (Snake:4)
  5 orc warlords
  A draconian stormcaller (Depths:4)
  3 spriggan defenders (Depths:3)
  8 vault wardens
  5 deep elf elementalists (Elf:3)
  2 angels (Vaults:1)
  10 quicksilver oozes
  19 ironbound preservers
  28 very ugly things
  4 war gargoyles
  A reaper (Depths:3)
  A juggernaut skeleton (Depths:2)
  4 ironbound thunderhulks
  Nessos (D:15)
  15 stone giants
  9 deep elf demonologists
  A vampire knight (Depths:2)
  7 dire elephants
  11 deep elf annihilators
  A yellow draconian (Depths:4)
  3 minotaurs
  4 spark wasps
  A crystal guardian (Vaults:2)
  9 deep elf death magi
  A merfolk javelineer (Shoals:2)
  4 entropy weavers
  8 yaktaur captains
  A jiangshi (Vaults:3)
  16 ettins
  10 great orbs of eyes
  37 vault guards
  3 deep elf high priests (Elf:3)
  3 fire dragons
  6 ice dragons
  3 salamander tyrants
  3 rakshasas
  A spriggan air mage (Depths:3)
  3 hydras
  3 peacekeepers
  A juggernaut simulacrum (Depths:3)
  A death knight (D:15)
  3 catoblepae
  7 ironbound frosthearts
  4 boulder beetles
  A spriggan skeleton (Depths:3)
  20 anacondas
  3 ogre magi
  11 centaur warriors
  22 dancing weapons
  2 merfolk avatars
  A hell beast (Depths:3)
  3 deep troll earth magi (Depths:2)
  A merfolk aquamancer (Shoals:2)
  17 two-headed ogres
  An alligator snapping turtle (Shoals:1)
  13 satyrs
  12 naga warriors
  4 deep troll shamans
  A hell hog (Depths:3)
  18 death yaks
  6 spriggan berserkers
  5 tengu warriors (Depths:2)
  4 vampire magi
  An orc high priest (Orc:1)
  17 naga sharpshooters
  12 deep elf knights
  6 shock serpents
  12 hell knights
  5 iron trolls
  An iron troll (shapeshifter) (Vaults:5)
  4 salamander mystics
  A golden dragon zombie (Depths:2)
  A storm dragon skeleton (Depths:2)
  8 skeletal warriors
  5 deep elf archers
  3 glowing orange brains (Depths:3)
  52 deep trolls
  13 sea snakes
  A quicksilver dragon simulacrum (Depths:3)
  7 naga ritualists
  2 flayed ghosts
  21 ironbound convokers
  A golden dragon skeleton (Depths:2)
  8 orc knights
  A tengu zombie (Depths:3)
  6 lindwurms
  7 necromancers
  4 wizards
  20 deep elf zephyrmancers
  45 harpies
  5 phantasmal warriors
  21 deep elf pyromancers
  2 mana vipers (shapeshifter)
  13 salamanders
  A human zombie (Vaults:3)
  43 ugly things
  9 fauns
  10 mana vipers
  9 orc sorcerers
  5 shining eyes
  7 cyclopes
  An eye of devastation (Slime:5)
  7 elephants
  A human skeleton (Vaults:3)
  21 manticores
  4 guardian serpents
  11 vault sentinels
  2 rust devils (D:12)
  2 stone giant skeletons
  4 water nymphs
  2 water nymphs (shapeshifter)
  3 merfolk sirens
  A gargoyle (D:13)
  8 naga magi
  43 black mambas
  The ghost of Hamu the Martial Artist, a novice GnWn of Cheibriados (D:5)
  10 cane toads
  A molten gargoyle (Desolation)
  An orange demon (D:12)
  6 rime drakes
  An unseen horror (shapeshifter) (D:14)
  An unseen horror (D:12)
  A kobold demonologist (D:10)
  14 komodo dragons
  5 tengu conjurers
  An efreet (D:14)
  3 yaktaurs (Vaults:4)
  A freezing wraith (Vaults:3)
  8 trolls
  5 polar bears
  11 merfolk
  10 wind drakes
  6 hornets
  Grinder (D:4)
  14 snapping turtles
  A sphinx simulacrum (Depths:3)
  3 saltlings (Desolation)
  A polar bear (shapeshifter) (Vaults:4)
  27 blink frogs
  A dream sheep (shapeshifter) (Vaults:4)
  18 dream sheep
  93 slime creatures
  A flying skull (Vaults:3)
  2 air elementals
  37 yaks
  14 spriggans
  14 water elementals
  2 vampires
  5 wraiths
  A culicivora (Vaults:5)
  A hog (shapeshifter) (Vaults:4)
  2 shadows
  6 wyverns
  A fire elemental (Elf:2)
  3 hogs (Snake:3)
  8 basilisks
  The ghost of zazu2006 the Magician, an amateur NaHW (D:3)
  15 golden eyes (Slime:4)
  3 steam dragons
  10 vampire mosquitoes
  6 redbacks
  Menkaure (D:6)
  23 nagas
  15 wargs
  2 acid dragons (D:10)
  7 hell hounds (D:12)
  14 water moccasins
  A glowing shapeshifter skeleton (Depths:3)
  2 black bears
  A sky beast (D:6)
  A floating eye (Depths:2)
  4 ice beasts
  2 black bears (shapeshifter)
  14 orc warriors
  10 ogres
  49 wolves
  A boggart (shapeshifter) (D:14)
  4 boggarts (Lair:5)
  11 centaurs
  4 kobold brigands
  4 necrophages
  3 gnoll sergeants
  2 scorpions
  2 glowing shapeshifter simulacra (Depths:3)
  16 bullfrogs
  An earth elemental (Elf:2)
  10 wights
  8 killer bees
  6 electric eels
  3 howler monkeys
  4 jellies
  2 hounds (D:7)
  22 orc priests
  Jessica (D:3)
  3 gnoll boudas
  4 iguanas
  55 orc wizards
  6 hell rats (Lair:4)
  3 adders
  17 gnolls
  2 river rats (D:5)
  12 white imps (Lair:1)
  An ufetubus (D:4)
  4 worms
  2 dart slugs (D:3)
  104 orcs
  3 ball pythons
  10 endoplasms
  3 giant cockroaches
  3 goblins
  12 hobgoblins
  12 jackals
  5 quokkas
  3 training dummies (Shoals:3)
  4 bats
  5 frilled lizards
  16 kobolds
  6 rats
  A spectral orc (D:9)
  3 butterflies (Lair:5)
  4 tentacles (Shoals:2)
1987 creatures vanquished.

Vanquished Creatures (collateral kills)
  A golden dragon (Depths:4)
  A titan (Depths:4)
  A deep elf sorcerer (Vaults:1)
  A frost giant (Depths:1)
  6 very ugly things
  An ironbound thunderhulk (Vaults:3)
  An ironbound preserver (Vaults:1)
  2 stone giants
  A green draconian (Depths:4)
  A dire elephant (Vaults:2)
  A red draconian (Depths:4)
  3 spark wasps
  A crystal guardian (Vaults:3)
  A merfolk javelineer (Shoals:3)
  An ettin (Depths:1)
  An entropy weaver (Vaults:3)
  2 fire dragons (Depths:1)
  A vault guard (Vaults:4)
  An ice dragon (Depths:1)
  A rakshasa (Depths:1)
  2 ironbound frosthearts
  A hydra (shapeshifter) (Vaults:5)
  A vampire mage (Depths:1)
  A deep troll earth mage (Depths:1)
  A deep troll shaman (Depths:1)
  A naga warrior (Snake:4)
  A naga sharpshooter (Snake:4)
  24 deep trolls
  A naga ritualist (Snake:4)
  2 wizards
  A deep elf zephyrmancer (Elf:1)
  2 harpies (Vaults:2)
  An ironbound convoker (Vaults:2)
  A mana viper (Snake:4)
  9 ugly things
  A vault sentinel (Vaults:2)
  A yaktaur (Vaults:4)
  A tengu simulacrum (Depths:3)
  4 water elementals
  5 slime creatures
  A culicivora (Vaults:4)
  A redback (Vaults:5)
  A naga (Snake:4)
93 creatures vanquished.

Vanquished Creatures (others)
  2 very ugly thing zombies (Vaults:3)
  A deep elf knight (D:14)
  An anaconda zombie (Snake:4)
  5 spark wasp zombies
  6 ugly thing zombies
  A deep elf pyromancer (Elf:2)
  A draconian zombie (Depths:4)
  A stone giant zombie (Depths:1)
  A manticore (D:14)
  A shock serpent zombie (Snake:4)
  A dire elephant zombie (Vaults:2)
  A water nymph (Shoals:4)
  A green draconian zombie (Depths:4)
  A yellow draconian zombie (Depths:4)
  A mana viper zombie (Snake:4)
  2 human zombies (Vaults:4)
  2 ettin zombies (Depths:4)
  2 black mamba zombies (Snake:4)
  2 slime creature zombies (Vaults:2)
  A deep troll zombie (Vaults:1)
  An ice beast (D:8)
  4 elf zombies (Elf:1)
  A snapping turtle zombie (Shoals:3)
  4 merfolk zombies (Shoals:3)
  2 orc zombies (Vaults:4)
  2 salamander zombies (Snake:4)
  9 naga zombies (Snake:4)
  2 demonic plants (D:9)
  23 fungi
  100 plants
  16 tentacles (Shoals:2)
198 creatures vanquished.

Grand Total: 2278 creatures vanquished

Notes
Turn   | Place    | Note
-------+----------+-------------------------------------------
     0 | D:1      | Zonian the Vine Stalker Brigand began the quest for the
                  | Orb.
     0 | D:1      | Reached XP level 1. HP: 11/11 MP: 2/2
   158 | D:1      | Reached skill level 1 in Dodging
   158 | D:1      | Reached XP level 2. HP: 15/15 MP: 3/3
   248 | D:1      | Reached skill level 5 in Stealth
   511 | D:1      | Reached XP level 3. HP: 8/18 MP: 1/4
   799 | D:1      | Found a faded altar of an unknown god.
  1406 | D:2      | Reached skill level 1 in Shields
  1605 | D:2      | Gained mutation: Your natural rate of healing is unusually
                  | fast. [Vine Stalker growth]
  1605 | D:2      | Reached XP level 4. HP: 21/23 MP: 5/5
  1949 | D:2      | Found a runed translucent door.
  1950 | D:2      | Noticed Crazy Yiuf
  1994 | D:2      | Found a hazy altar of Hepliaklqana.
  2099 | D:2      | Noticed Sigmund
  2246 | D:2      | Identified the +2 rapier "Killer Klown's Bane" {speed, Fly
                  | MP+9}
  2830 | D:3      | Found a runed translucent gate.
  2830 | D:3      | Found a runed translucent gate.
  2830 | D:3      | Found a runed translucent gate.
  2832 | D:3      | Noticed zazu2006's ghost (amateur NaHW)
  3070 | D:3      | Reached XP level 5. HP: 26/26 MP: 6/6
  3404 | D:3      | Noticed Jessica
  3412 | D:3      | Killed Jessica
  3413 | D:3      | Found a shimmering blue altar of Sif Muna.
  3664 | D:4      | Noticed Grinder
  3678 | D:4      | Killed Grinder
  3679 | D:4      | Reached XP level 6. HP: 28/30 MP: 7/7
  3889 | D:4      | Found Hicaegg's Antique Armour Shoppe.
  3934 | D:4      | Reached XP level 7. HP: 31/34 MP: 8/8
  4292 | D:4      | Found a burning altar of Makhleb.
  4292 | D:4      | Noticed a green death
  4295 | D:4      | Noticed a ynoxinul
  4295 | D:4      | Noticed an orange demon
  4677 | D:4      | Found an iron altar of Okawaru.
  4758 | D:5      | Entered Level 5 of the Dungeon
  4950 | D:5      | Found a staircase to the Ecumenical Temple.
  4959 | D:5      | Identified the +1 leather armour of Okawaru's Displeasure
                  | {Fly}
  4968 | Temple   | Entered the Ecumenical Temple
  4968 | Temple   | Found a transporter.
  4968 | Temple   | Found a transporter.
  4970 | Temple   | Found a transporter.
  4970 | Temple   | Found a transporter.
  5284 | D:5      | Found a runed translucent door.
  5287 | D:5      | Noticed Hamu's ghost (novice GnWn)
  5310 | D:5      | Killed Hamu's ghost
  5311 | D:5      | Gained mutation: You have razor-sharp teeth. [Vine Stalker
                  | growth]
  5311 | D:5      | Reached XP level 8. HP: 39/39 MP: 9/9
  5327 | D:5      | Found a runed translucent door.
  5466 | D:5      | Reached skill level 5 in Short Blades
  6186 | D:6      | Reached XP level 9. HP: 26/42 MP: 10/10
  6424 | D:6      | Reached skill level 10 in Stealth
  6723 | D:6      | Noticed Menkaure
  6884 | D:6      | Killed Menkaure
  7413 | D:7      | Reached skill level 1 in Spellcasting
  7723 | D:7      | Reached XP level 10. HP: 49/49 MP: 14/14
  9071 | D:7      | Found a bloodstained altar of Trog.
  9180 | D:4      | Bought a distressingly furry troll leather armour for 580
                  | gold pieces
  9180 | D:4      | Identified the +1 troll leather armour of Divine Compulsion
                  | {Regen+ Str+7 Int+5 Stlth+} (You bought it in a shop on
                  | level 4 of the Dungeon)
  9618 | Temple   | Became a worshipper of Ashenzari the Shackled
  9993 | D:8      | Reached skill level 5 in Fighting
  9993 | D:8      | Reached skill level 5 in Spellcasting
 10522 | D:9      | Noticed a +0 spear
 10523 | D:9      | Noticed a +0 short sword
 10524 | D:9      | Noticed a +0 falchion
 10524 | D:9      | Noticed a +0 dagger
 10524 | D:9      | Noticed a +0 spear
 10525 | D:9      | Noticed a +0 short sword
 10526 | D:9      | Noticed a +0 falchion
 10526 | D:9      | Noticed a +0 dagger
 10527 | D:9      | Found a hide-covered altar of Uskayaw.
 10715 | D:9      | Found a blossoming altar of Fedhas.
 10856 | D:9      | Found a glowing silver altar of Zin.
 11091 | D:9      | Reached XP level 11. HP: 56/56 MP: 20/20
 11507 | D:9      | Found a basalt altar of Yredelemnul.
 11644 | D:10     | Entered Level 10 of the Dungeon
 11650 | D:10     | Found a portal to a secret trove of treasure.
 11687 | D:10     | Noticed a two-headed ogre
 11716 | D:10     | Killed a two-headed ogre
 11717 | D:10     | Reached skill level 10 in Short Blades
 11902 | D:10     | Noticed a cyclops
 11909 | D:10     | Killed a cyclops
 11909 | D:10     | Noticed a two-headed ogre
 11938 | D:10     | Killed a two-headed ogre
 11939 | D:10     | Noticed an eight-headed hydra
 11948 | D:10     | Killed an eight-headed hydra
 11959 | D:10     | Noticed a two-headed ogre
 11967 | D:10     | Reached * piety under Ashenzari
 11967 | D:10     | Identified a scroll of acquirement
 11971 | D:10     | Noticed a two-headed ogre
 11990 | D:10     | Acquired a +3 quick blade of distortion
 12061 | D:10     | Found a glowing golden altar of the Shining One.
 12093 | D:10     | Killed a two-headed ogre
 12127 | D:10     | Killed a two-headed ogre
 12163 | D:10     | Noticed a two-headed ogre
 12178 | D:10     | Killed a two-headed ogre
 12179 | D:10     | Reached XP level 12. HP: 42/64 MP: 20/25
 12474 | D:10     | Reached ** piety under Ashenzari
 12475 | D:10     | Found a staircase to the Orcish Mines.
 12576 | D:10     | Learned a level 3 spell: Mephitic Cloud
 12878 | D:10     | Noticed a centaur warrior
 12878 | D:10     | Noticed a centaur warrior
 12878 | D:10     | Noticed a rakshasa
 12989 | D:10     | Reached skill level 1 in Conjurations
 12989 | D:10     | Reached skill level 1 in Fire Magic
 12989 | D:10     | Reached skill level 1 in Air Magic
 12989 | D:10     | Reached skill level 1 in Poison Magic
 13111 | D:10     | Identified the +11 mace of the Thieving Gods {flame, rF++
                  | Int+3}
 13540 | D:11     | Identified the +0 pair of boots of Jaedes {rElec rPois
                  | Str+6 Int-2}
 13566 | D:11     | Noticed a two-headed ogre
 13571 | D:11     | Killed a two-headed ogre
 13690 | D:11     | Reached *** piety under Ashenzari
 13876 | D:11     | Found a staircase to the Lair.
 13896 | Lair:1   | Entered Level 1 of the Lair of Beasts
 13967 | Lair:1   | Found a frozen archway.
 14128 | Lair:1   | Identified Qismeg's Directory of Putrescence and the
                  | Salamander
 14378 | Lair:1   | Noticed a death yak
 14398 | Lair:1   | Killed a death yak
 14443 | Lair:1   | Reached **** piety under Ashenzari
 14449 | Lair:1   | Learned a level 4 spell: Olgreb's Toxic Radiance
 14518 | Lair:1   | Noticed a death yak
 14519 | Lair:1   | Noticed a death yak
 14521 | Lair:1   | Noticed a death yak
 14526 | Lair:1   | Killed a death yak
 14527 | Lair:1   | Reached skill level 5 in Conjurations
 14527 | Lair:1   | Reached skill level 5 in Air Magic
 14527 | Lair:1   | Reached skill level 5 in Poison Magic
 14536 | Lair:1   | Noticed a death yak
 14548 | Lair:1   | Killed a death yak
 14549 | Lair:1   | Reached XP level 13. HP: 69/72 MP: 28/28
 15421 | Lair:2   | Found a staircase to the Snake Pit.
 15833 | Lair:3   | Learned a level 4 spell: Flame Wave
 16196 | Lair:3   | Found a staircase to the Shoals.
 16258 | Lair:3   | Reached skill level 1 in Evocations
 17349 | Lair:4   | Found a staircase to the Slime Pits.
 17351 | Lair:4   | Found a viscous altar of Jiyva.
 17548 | Lair:4   | Reached XP level 14. HP: 68/77 MP: 27/29
 18324 | Lair:4   | Upgraded the game from 0.30-a0-723-gc1506a1cf0 to
                  | 0.30-a0-726-gd89dcf765f
 18328 | Lair:4   | Reached ***** piety under Ashenzari
 18367 | Lair:5   | Entered Level 5 of the Lair of Beasts
 18711 | Lair:5   | Reached skill level 5 in Dodging
 19301 | Lair:5   | Reached skill level 10 in Fighting
 19422 | Lair:5   | Reached XP level 15. HP: 88/88 MP: 30/30
 21016 | D:12     | Found a runed translucent door.
 21807 | D:12     | Identified the +5 spear of Nuikh {elec, rC+}
 22856 | D:14     | Found a transporter.
 22878 | D:14     | Noticed a tengu reaver
 22884 | D:14     | Found a transporter.
 23110 | D:14     | Found a gate to the Vaults.
 23988 | D:15     | Entered Level 15 of the Dungeon
 24908 | D:15     | Found a stormy altar of Qazlal.
 25067 | D:15     | Reached XP level 16. HP: 63/100 MP: 31/31
 25888 | D:15     | Noticed Nessos
 25911 | D:15     | Killed Nessos
 25930 | D:15     | Found a staircase to the Depths.
 26734 | Orc:1    | Entered Level 1 of the Orcish Mines
 27056 | Orc:2    | Entered Level 2 of the Orcish Mines
 27127 | Orc:2    | Found a staircase to the Elven Halls.
 27129 | Orc:2    | Found Nuymne's Antique Weapon Shop.
 27142 | Orc:2    | Bought a blackened rapier for 288 gold pieces
 27142 | Orc:2    | Identified the +0 rapier of Hepliaklqana's Grace {heavy,
                  | *Rage Int+4 Dex-5 Stlth+} (You bought it in a shop on level
                  | 2 of the Orcish Mines)
 27318 | Orc:2    | Found Xuiw's Distillery.
 27336 | Orc:2    | Bought a potion of curing for 48 gold pieces
 27336 | Orc:2    | Bought a potion of haste for 160 gold pieces
 27336 | Orc:2    | Bought a potion of magic for 128 gold pieces
 27336 | Orc:2    | Bought a potion of curing for 48 gold pieces
 27336 | Orc:2    | Bought a potion of cancellation for 128 gold pieces
 27353 | Orc:2    | Found Zacy's Jewellery Shoppe.
 27496 | Orc:2    | Found Conkenim's General Store.
 27496 | Orc:2    | Found Deegoxta's Assorted Antiques.
 27517 | Orc:2    | Bought a potion of resistance for 140 gold pieces
 27533 | Orc:2    | Bought a scroll of teleportation for 69 gold pieces
 27533 | Orc:2    | Bought a large emerald ring for 115 gold pieces
 27533 | Orc:2    | Bought a potion of curing for 69 gold pieces
 28446 | Snake:1  | Entered Level 1 of the Snake Pit
 28446 | Snake:1  | Found Coril's Antique Armour Shoppe.
 28475 | Snake:1  | Bought a pair of fine gloves for 247 gold pieces
 28475 | Snake:1  | Identified the +0 pair of gloves of Vlad {Rampage Dex+5}
                  | (You bought it in a shop on level 1 of the Snake Pit)
 28663 | Snake:1  | Found Lifoonan's Antique Weapon Emporium.
 28953 | Snake:1  | Learned a level 3 spell: Vampiric Draining
 28993 | Snake:2  | Reached skill level 15 in Fighting
 28999 | Snake:2  | Reached skill level 1 in Necromancy
 29113 | Snake:2  | Reached skill level 2 in Necromancy
 29365 | Snake:2  | Reached skill level 3 in Necromancy
 29365 | Snake:2  | Found the +3 salamander hide armour {Flames, rFlCloud rF++
                  | rC--}
 29377 | Snake:2  | Reached XP level 17. HP: 103/103 MP: 32/32
 29816 | Snake:2  | Reached skill level 4 in Necromancy
 30495 | Snake:2  | Reached skill level 1 in Armour
 30650 | Snake:3  | Reached skill level 5 in Necromancy
 30874 | Snake:3  | Noticed Kirke
 30909 | Snake:3  | Killed Kirke
 31024 | Snake:3  | Reached skill level 6 in Necromancy
 31041 | Snake:3  | Learned a level 5 spell: Borgnjor's Vile Clutch
 31125 | Snake:3  | Reached skill level 1 in Earth Magic
 31546 | Snake:3  | Found Quyhag's Jewellery Emporium.
 31546 | Snake:3  | Found Rugisch's Book Boutique.
 31547 | Snake:3  | Found Painanni's Jewellery Emporium.
 31620 | Snake:3  | Upgraded the game from 0.30-a0-726-gd89dcf765f to
                  | 0.30-a0-728-gc68057be0a
 31620 | Snake:3  | Upgraded the game from 0.30-a0-728-gc68057be0a to
                  | 0.30-a0-737-gf23d94013f
 31661 | Snake:4  | Entered Level 4 of the Snake Pit
 32172 | Snake:3  | Reached skill level 7 in Necromancy
 32401 | Snake:4  | Found a runed translucent door.
 32401 | Snake:4  | Noticed ziggurnaut's ghost (adept BaFi)
 32462 | Snake:3  | Bought the Codex of Lethal Blight for 572 gold pieces
 32467 | Snake:3  | Learned a level 4 spell: Dispel Undead
 32540 | Snake:4  | Killed ziggurnaut's ghost
 32550 | Snake:4  | Acquired a +2 rapier of draining
 32618 | Snake:4  | Found a blossoming altar of Fedhas.
 32647 | Snake:4  | Learned a level 4 spell: Animate Dead
 32745 | Snake:4  | Noticed Aizul
 32750 | Snake:4  | Killed Aizul
 32751 | Snake:4  | Reached skill level 8 in Necromancy
 32869 | Snake:4  | Noticed Saint Roka
 32901 | Snake:4  | Killed Saint Roka
 32960 | Snake:4  | Reached skill level 5 in Evocations
 33288 | Snake:4  | Identified the +10 sling of Anxiety {flame, rPois Stlth+}
 33429 | Snake:4  | Reached XP level 18. HP: 108/108 MP: 33/33
 33465 | Snake:4  | Reached skill level 1 in Ranged Weapons
 34260 | Snake:4  | Noticed Vashnia
 34392 | Snake:4  | Killed Vashnia
 34393 | Snake:4  | Reached skill level 5 in Ranged Weapons
 34554 | Snake:4  | Got a serpentine rune of Zot
 34859 | Shoals:1 | Entered Level 1 of the Shoals
 35465 | Shoals:1 | Learned a level 3 spell: Swiftness
 35587 | Shoals:1 | Found Vileva's Island Escapes.
 35595 | Shoals:1 | Bought a scroll of blinking for 105 gold pieces
 35595 | Shoals:1 | Bought a scroll of blinking for 105 gold pieces
 35595 | Shoals:1 | Bought a scroll of fog for 56 gold pieces
 36935 | Shoals:2 | Reached skill level 9 in Necromancy
 37461 | Shoals:2 | Reached skill level 10 in Necromancy
 37627 | Shoals:3 | Noticed Jorgrun
 37627 | Shoals:3 | Noticed Mara
 37629 | Shoals:3 | Noticed Zonian's illusion
 37630 | Shoals:3 | Killed Mara
 37647 | Shoals:3 | Killed Jorgrun
 37792 | Shoals:3 | Noticed Polyphemus
 37795 | Shoals:3 | Reached XP level 19. HP: 112/112 MP: 35/35
 37819 | Shoals:3 | Killed Polyphemus
 37921 | Shoals:3 | Identified the +1 pair of gloves of the Heron {Rampage}
 37967 | Shoals:3 | Learned a level 6 spell: Death Channel
 38015 | Shoals:3 | Found Alebaus's Firing Range.
 38053 | Shoals:3 | Bought a throwing net for 57 gold pieces
 38053 | Shoals:3 | Bought a throwing net for 57 gold pieces
 38113 | Shoals:3 | Noticed Bai Suzhen
 38129 | Shoals:3 | Noticed Ilsuiw
 38161 | Shoals:3 | Killed Ilsuiw
 38346 | Shoals:3 | Your ally Ilsuiw died
 38571 | Shoals:3 | Killed Bai Suzhen
 38584 | Shoals:3 | Upgraded the game from 0.30-a0-737-gf23d94013f to
                  | 0.30-a0-738-g116ff8c4af
 38584 | Shoals:3 | Upgraded the game from 0.30-a0-738-g116ff8c4af to
                  | 0.30-a0-739-gea05faddec
 38974 | Shoals:4 | Entered Level 4 of the Shoals
 38989 | Shoals:4 | Reached skill level 5 in Throwing
 39050 | Shoals:4 | Reached skill level 11 in Necromancy
 39517 | Shoals:3 | Reached skill level 12 in Necromancy
 41097 | Shoals:4 | Reached skill level 13 in Necromancy
 41370 | Shoals:4 | Got a barnacled rune of Zot
 41485 | Shoals:4 | Identified the Lectures on Stormy Relocation
 42166 | Vaults:1 | Entered Level 1 of the Vaults
 42477 | Vaults:1 | Found a crumbling gateway.
 42479 | Vaults:1 | Found a glowing golden altar of the Shining One.
 42479 | Vaults:1 | Found a glowing silver altar of Zin.
 42479 | Vaults:1 | Found a white marble altar of Elyvilon.
 42621 | Desolati | Entered the Desolation of Salt
 43203 | Vaults:1 | Reached skill level 14 in Necromancy
 43649 | Vaults:1 | Reached XP level 20. HP: 95/118 MP: 37/37
 43782 | Vaults:1 | Reached skill level 15 in Necromancy
 43825 | Vaults:1 | Reached skill level 10 in Spellcasting
 44623 | Vaults:2 | Found Waewoupa's Weapon Emporium.
 44828 | Vaults:2 | Identified the +1 scale mail "Izeh" {Regen+}
 45227 | Vaults:2 | Learned a level 5 spell: Silence
 45283 | Vaults:2 | Reached skill level 1 in Hexes
 46348 | Vaults:3 | Reached XP level 21. HP: 122/122 MP: 42/42
 46652 | Vaults:3 | Found a staircase to the Crypt.
 47528 | Elf:1    | Entered Level 1 of the Elven Halls
 47855 | Elf:1    | Reached skill level 15 in Spellcasting
 48803 | Elf:2    | Learned a level 5 spell: Irradiate
 48857 | Elf:2    | Found a runed translucent gate.
 48857 | Elf:2    | Found a runed translucent gate.
 48857 | Elf:2    | Found a runed translucent gate.
 49642 | Elf:2    | Reached skill level 1 in Transmutations
 50870 | Elf:2    | Reached skill level 5 in Transmutations
 51111 | Elf:2    | Found Cumaf's Weapon Emporium.
 51219 | Elf:3    | Entered Level 3 of the Elven Halls
 51465 | Elf:3    | Found Kisov's Weapon Emporium.
 51512 | Elf:3    | Found a radiant altar of Vehumet.
 52254 | Elf:3    | Learned a level 8 spell: Infestation
 52403 | Elf:3    | Reached XP level 22. HP: 127/127 MP: 45/45
 52524 | Elf:3    | Reached skill level 16 in Necromancy
 53458 | Elf:3    | Identified the amulet "Lisucwama" {-Cast +Blink Regen+
                  | rCorr SInv}
 53796 | Elf:3    | Identified the Collected Works on Productive Lithomancy
 53798 | Elf:3    | Identified the +2 robe of Hedging {Int+2}
 53798 | Elf:3    | Identified the -2 buckler of Heresy {rF+}
 53798 | Elf:3    | Identified the amulet of Asobb {RegenMP Fly Regen+ Int+2
                  | Dex+2}
 53822 | Elf:3    | Identified the Atlas of the Snowy Familiar
 53842 | Elf:3    | Identified the Catalogue of Evolving Ill Luck
 53843 | Elf:3    | Identified the Atlas of Creative Putrescence
 53883 | Elf:3    | Identified Cump's Omnibus of Profane Spells and the Crater
 53895 | Elf:3    | Found the ring of the Tortoise {AC+8}
 53915 | Elf:3    | Identified the +8 war axe of the Thieving Pariah {pain,
                  | Contam rPois rN+}
 53929 | Elf:3    | Reached skill level 17 in Necromancy
 55195 | Vaults:4 | Reached skill level 18 in Necromancy
 55410 | Vaults:4 | Reached skill level 1 in Summonings
 56040 | Vaults:4 | Reached skill level 10 in Dodging
 56650 | D:3      | Killed zazu2006's ghost
 56737 | D:5      | Upgraded the game from 0.30-a0-739-gea05faddec to
                  | 0.30-a0-743-gbfdf073431
 56740 | D:5      | Learned a level 2 spell: Blink
 57145 | Vaults:5 | Entered Level 5 of the Vaults
 59593 | Vaults:4 | Reached XP level 23. HP: 122/131 MP: 46/46
 60200 | Vaults:4 | HP: 6/124 [disintegration (52)]
 61292 | Vaults:4 | Reached skill level 19 in Necromancy
 61629 | Vaults:5 | Identified the +7 hand axe "Ifeom" {drain, rC++ Will+
                  | Stlth-}
 62107 | Vaults:5 | Identified the +5 battleaxe "Iploix" {venom, rN+}
 62382 | Vaults:5 | Noticed Boris
 62561 | Vaults:4 | Killed Boris
 63310 | D:12     | Learned a level 6 spell: Iron Shot
 64321 | Vaults:4 | Reached skill level 5 in Earth Magic
 65349 | Vaults:5 | Got a silver rune of Zot
 65819 | Vaults:5 | Identified the Quarto of Permutations
 65911 | Vaults:5 | Found the +10 dark maul {heavy}
 65926 | Vaults:5 | Identified the +4 quarterstaff of Cirhai {heavy, *Rage
                  | rPois Dex+8}
 66733 | Depths:1 | Entered Level 1 of the Depths
 66827 | Depths:1 | Reached XP level 24. HP: 76/137 MP: 47/47
 66849 | Depths:1 | Noticed Sojobo
 66875 | Depths:1 | Killed Sojobo
 66883 | Depths:1 | Reached skill level 10 in Throwing
 66925 | Depths:1 | Identified the +6 chain mail of the Planets {Str+3}
 66952 | Depths:1 | Found a gateway to Hell.
 67856 | Depths:2 | Found a one-way gate to the infinite horrors of the Abyss.
 67896 | Depths:2 | Found a one-way gate leading to the halls of Pandemonium.
 68691 | Depths:2 | Found a one-way gateway to a ziggurat.
 69184 | Depths:2 | Identified the +0 hand axe of Famine {freeze, rC- rN+
                  | Dex+6}
 69715 | Slime:1  | Entered Level 1 of the Pits of Slime
 69795 | Slime:2  | Gained mutation: You occasionally lose the ability to drink
                  | potions when taking damage. [a shining eye]
 71229 | Slime:4  | Gained mutation: You are dopey. (Int -2) [a shining eye]
 71649 | Slime:5  | Entered Level 5 of the Pits of Slime
 71908 | Slime:5  | Reached skill level 10 in Earth Magic
 72245 | Slime:5  | Reached XP level 25. HP: 144/144 MP: 47/47
 72421 | Slime:5  | Identified the +7 hand axe of Miyff {holy, rPois}
 72467 | Slime:5  | Identified the ring "Bunken Ceono" {Fly SInv}
 72469 | Slime:5  | Noticed the Royal Jelly
 72479 | Slime:5  | Found a viscous altar of Jiyva.
 72482 | Slime:5  | Identified the +7 plate armour "Ihaorail" {rN+}
 72493 | Slime:5  | Killed the Royal Jelly
 72576 | Slime:5  | Gained mutation: You occasionally lose the ability to read
                  | scrolls when taking damage. [a shining eye]
 72627 | Slime:5  | Identified the +5 great mace "Xomocw" {vamp, *Rage rC+
                  | SInv}
 72706 | Slime:5  | Got a slimy rune of Zot
 73134 | Depths:3 | Reached skill level 1 in Translocations
 73516 | D:4      | Bought an embroidered hat for 203 gold pieces
 73518 | D:4      | Bought a pair of glowing gloves for 217 gold pieces
 73727 | Snake:1  | Bought a distressingly furry tower shield for 247 gold
                  | pieces
 73727 | Snake:1  | Identified the +7 tower shield "Mopuishri" {-Tele rElec
                  | Str+2} (You bought it in a shop on level 1 of the Snake
                  | Pit)
 74487 | Depths:3 | Identified the +7 hand axe of the Bedazzled God {vamp,
                  | Drain rPois rF+ Int+2}
 74526 | Depths:3 | Noticed the Enchantress
 74542 | Depths:3 | Identified the ring "Ocisug" {Ice Dex+4}
 74542 | Depths:3 | Noticed Josephina
 74561 | Depths:3 | Killed the Enchantress
 74886 | Depths:3 | Killed Josephina
 75261 | Depths:3 | Reached skill level 15 in Stealth
 75603 | Depths:4 | Entered Level 4 of the Depths
 75711 | Depths:4 | Found a gate to the Realm of Zot.
 75985 | Depths:4 | HP: 7/144 [acid (1)]
 75985 | Depths:4 | HP: 3/144 [caustic shrike (4)]
 75985 | Depths:4 | Splashed by a caustic shrike's acid

Illustrated notes

Levels and vault maps discovered:
D:1:      heliophobic_arrival_henge, layout_basic,
          dilly_ecumenical_altar_fadedgnrine, nicolae_hexahallways
D:2:      minmay_razor_zed, layout_rooms, basic_altar, uniq_crazy_yiuf_cottage,
          uniq_sigmund
D:3:      layout_basic, tgw_sif, ebering_ghost_rock_garden,
          kennysheep_small_spiral
D:4:      layout_cave_pods, makhleb_altar_promises_db,
          mainiacjoe_overflow_alcove_1, serial_shops,
          nicolae_shop_advertising_works [nicolae_subvault_shop_adworks],
          uniq_grinder
D:5:      layout_basic, minmay_temple_entry_overgrown, ebering_ghost_sewer_f,
          roderic_lattice_a, grunt_ministairs_2
D:6:      layout_basic, uniq_menkaure
D:7:      kennysheep_housing_project, layout_basic,
          lemuel_coloured_pillars_altar, st_stairs_7, minmay_fractal_squares_5
D:8:      layout_basic, serial_rivers, chequers_serial_rivers_micro_a,
          chequers_serial_rivers_micro_e, chequers_serial_rivers_marsh,
          chequers_serial_rivers_small_b, chequers_serial_rivers_micro_b,
          chequers_serial_rivers_micro_a
D:9:      kennysheep_blocky_hall, layout_basic, mainiacjoe_overflow_alcove_4,
          nicolae_uskayaw_en_pointe, yredelemnul_forgotten_temple_becter,
          mainiacjoe_overflow_alcove_2, serial_corexii_hall,
          chequers_hall_statues_corner_a, chequers_hall_statues_y,
          corexii_hall_statues_u, dreamdust_princess_corridor
D:10:     minmay_the_grid_octo_2x2 [minmay_the_grid_octo_thin_diamonds,
          minmay_the_grid_octo_chip, minmay_the_grid_octo_clover,
          minmay_the_grid_octo_prize_ultimate_mussel_roller], layout_basic,
          tso_metal_star, nicolae_trove_entry_free_sample, minivault_24,
          grunt_ministairs_2, st_stairs_4, kennysheep_big_empty_room,
          fountainhead
D:11:     layout_loops_ring, lair_entry_dummy
D:12:     mludivico_vault, layout_irregular_city
D:13:     layout_basic, lightli_minifort
D:14:     gammafunk_sealed_arena, layout_loops_cross, david_vaults_4,
          minmay_misc_feat_alley
D:15:     grunt_enter_depths_giant_problem, layout_loops_cross,
          nicolae_qazlal_general_emergency, uniq_nessos
Temple:   hellmonk_temple_divided_pantheon
Lair:1:   layout_small_grid, portal_ice_cave_entry_imps, beast_lair_carwin_3,
          grunt_megastairs_3
Lair:2:   layout_gridlike, minmay_snake_entry_guardpost_small, lemuel_fruit_tree
Lair:3:   layout_layer_cave, elwin_shoals_entry_rooms, infiniplex_staircase_pool
Lair:4:   layout_cave_pods, nicolae_slime_entry_slimehenge
Lair:5:   minmay_lair_end_enchanted_forest, layout_gridlike,
          grunt_forest_large_clearings, lemuel_fruit_fields
Shoals:1: layout_shoals, nicolae_island_escapes
Shoals:2: layout_shoals
Shoals:3: layout_shoals, nicolae_shop_firing_range, uniq_ilsuiw,
          uniq_bai_suzhen, uniq_polyphemus, uniq_jorgrun, uniq_mara
Shoals:4: shoals_end_hellmonk_lost_city, serial_shops
Snake:1:  layout_rooms, serial_shops, nicolae_square_shop, nicolae_snake_shapes,
          minmay_shop_star
Snake:2:  layout_chambers, hellmonk_guarded_unrand_salamander,
          serial_bayou_shore_a
Snake:3:  layout_basic, serial_bayou_shore_b, minmay_shop_grove, uniq_kirke
Snake:4:  grunt_snake_rune_serpentine_throne, layout_misc_corridors,
          basic_altar, hellmonk_ghost_happy_afterlife, hangedman_snake_pattern,
          uniq_vashnia, uniq_saint_roka, uniq_aizul
Slime:1:  layout_caves, basic_altar
Slime:2:  layout_caves
Slime:3:  layout_caves, nicolae_slime_round_cave
Slime:4:  layout_caves, nicolae_slime_rock_hall_of_fame
Slime:5
Orc:1:    layout_caves
Orc:2:    st_orc_town, layout_diamond_mine, serial_shops, shop
Elf:1:    elf_arrival_001, layout_loops_corners,
          hangedman_elven_crosses_minicolossus
Elf:2:    elven_hall_of_blades_hangedman_original [mumra_blade_entry_dagger],
          layout_loops_cross, serial_shops, nicolae_shop_bloodbath_and_beyond
Elf:3:    minmay_elf_hall_hex, layout_rooms, serial_shops,
          nicolae_shop_hallway_plus, basic_altar
Vaults:1: portal_desolation_entry_holy_temple, nicolae_vaults_little_squares_6,
          nicolae_vaults_circle_grid_b, hangedman_vaults_corner,
          ontoclasm_vaults_ring_large, nicolae_vaults_alarming,
          nicolae_vaults_windows_and_doors_thing, vaults_room_pool,
          vaults_dpeg_cross, vaults_dpeg_emergency_exit, layout_vaults_omnibox
Vaults:2: vaults_room_hallway, vaults_standard_mumra_x, v_alt_pattern_5,
          vaults_room_corners, layout_vaults_omnigrid, serial_shops, shop
Vaults:3: dpeg_vaults_monster_row, vaults_mumra_hex, v_misc_23,
          minmay_crypt_entry_simple_walls, ontoclasm_vaults_hangar,
          nicolae_vaults_circle_grid_b, v_misc_14, nicolae_vaults_circle_grid_b,
          grunt_vaults_funnel, vaults_mumra_chevron_long, nicolae_vaults_big_ls,
          vaults_standard_mumra_lines, nicolae_vaults_little_squares_5,
          vaults_room_fancy_cross, v_misc_8, ontoclasm_vaults_bender,
          nicolae_vaults_ring_of_whatevers, layout_vaults_maze_bifur
Vaults:4: nicolae_vaults_ring_of_whatevers, ontoclasm_vaults_ring_large,
          vaults_dpeg_diagonal, nicolae_vaults_an_arrangement,
          vaults_dpeg_spiral, vaults_room_door_hall,
          vaults_room_grunt_arrival_checkpoint, vaults_room_fancy_cross,
          ontoclasm_vaults_spin, layout_vaults_big_room
Vaults:5: uniq_boris
Depths:1: layout_cave_pools, amcnicky_mini_pool_small, pf_coc_iceberg,
          lightli_corner_chamber, uniq_sojobo
Depths:2: minmay_textured_paths, layout_gridlike, enter_ziggurat_e, pan_entry,
          kennysheep_flooded_box, pf_hell_entry_great_geh, abyss_entry_crystal
Depths:3: minmay_polygon_palace, layout_gridlike, serial_bayou_pond_b,
          grunt_mini_vestibule, abyss_entry_glasseish,
          minmay_staircase_windowed_large, uniq_josephina, uniq_enchantress
Depths:4: grunt_x_marks_the_spot, layout_gridlike, pf_hell_entry_tar_river,
          abyss_entry, nicolae_ru_path_of_blood

Skill      XL: |  1  2  3  4  5  6  7  8  9 10 11 12 13 14 15 16 17 18 19 20 21 22 23 24 25 |
---------------+----------------------------------------------------------------------------+-----
Dodging        | 1 2 3 5 9 10 11 | 11.7
Stealth        | 5 6 7 9 11 17 | 17.0
Throwing       | 2 3 5 7 12 13 | 13.0
Short Blades   | 2 3 4 6 7 9 11 | 11.6
Shields        | 1 2 4 |  4.0
Fighting       | 3 5 7 10 14 15 16 | 16.8
Spellcasting   | 2 5 7 8 9 14 15 17 | 17.1
Conjurations   | 5 7 8 9 |  9.5
Fire Magic     | 3 |  3.4
Air Magic      | 5 7 8 |  8.0
Poison Magic   | 5 7 8 |  8.0
Evocations     | 3 4 6 7 9 |  9.7
Necromancy     | 3 8 10 14 15 18 19 | 19.9
Armour         | 3 |  3.4
Earth Magic    | 4 6 10 | 10.5
Ranged Weapons | 8 |  8.0
Hexes          | 4 |  4.7
Transmutations | 5 |  5.7
Summonings     | 2 |  2.4
Translocations | 1 |  1.6

Action                     |  1- 3 |  4- 6 |  7- 9 | 10-12 | 13-15 | 16-18 | 19-21 | 22-24 | 25-27 || total
---------------------------+-------+-------+-------+-------+-------+-------+-------+-------+-------++-------
  Melee: Dagger            |    74 |    32 |       |       |       |       |       |       |       ||   106
         Bite              |    15 |    27 |   109 |   352 |   696 |   849 |  1149 |  1416 |   381 ||  4994
         Rapier            |       |    50 |   341 |   898 |  1464 |  1724 |  1977 |  2293 |   609 ||  9356
   Fire: Sling             |     4 |       |       |       |       |    17 |    40 |    11 |       ||    72
  Throw: Dart              |     3 |     1 |    11 |    11 |    22 |     2 |    35 |    20 |       ||   105
         Javelin           |       |       |       |       |     2 |     1 |       |     2 |     8 ||    13
         Throwing net      |       |       |       |       |       |       |       |     3 |       ||     3
   Cast: Mephitic Cloud    |       |       |       |     2 |     3 |     7 |     2 |     3 |     1 ||    18
         Olgreb's Toxic Ra |       |       |       |       |    49 |    32 |     3 |    32 |     1 ||   117
         Flame Wave        |       |       |       |       |     4 |    17 |     3 |     1 |       ||    25
         Dispel Undead     |       |       |       |       |       |     5 |       |    15 |       ||    20
         Borgnjor's Vile C |       |       |       |       |       |    14 |    41 |    30 |     2 ||    87
         Animate Dead      |       |       |       |       |       |     3 |     8 |     2 |     2 ||    15
         Vampiric Draining |       |       |       |       |       |     2 |       |     1 |       ||     3
         Swiftness         |       |       |       |       |       |       |     3 |     2 |       ||     5
         Death Channel     |       |       |       |       |       |       |     6 |     7 |       ||    13
         Irradiate         |       |       |       |       |       |       |       |    27 |     2 ||    29
         Blink             |       |       |       |       |       |       |       |    13 |     2 ||    15
         Iron Shot         |       |       |       |       |       |       |       |    38 |    33 ||    71
         Infestation       |       |       |       |       |       |       |       |     2 |       ||     2
 Invoke: Curse Item        |       |       |       |     6 |     2 |     1 |     1 |     2 |     1 ||    13
         Shatter the Chain |       |       |       |       |       |     1 |     1 |     1 |     1 ||     4
  Evoke: Wand              |       |     1 |     7 |     8 |     4 |    18 |    18 |     4 |     6 ||    66
         Lightning rod     |       |       |       |       |     4 |     7 |     8 |     1 |       ||    20
         Condenser vane    |       |       |       |       |       |       |     1 |     3 |       ||     4
    Use: Scroll            |       |    14 |     2 |    11 |     1 |     3 |     9 |     6 |     1 ||    47
         Potion            |       |     1 |     2 |       |       |     3 |     1 |     9 |     3 ||    19
   Stab: Sleeping          |    13 |     7 |     7 |    18 |    38 |    59 |    58 |    41 |    21 ||   262
         Distracted        |       |       |       |     4 |     2 |     8 |    12 |    21 |     9 ||    56
         Invisible         |       |       |       |     9 |       |     3 |     4 |       |       ||    16
         Confused          |       |       |       |     4 |       |    10 |     5 |     8 |       ||    27
         Petrified         |       |       |       |       |     1 |       |       |       |       ||     1
         Held in net/web   |       |       |       |       |       |       |       |     2 |       ||     2
 Armour: Robe              |    15 |    11 |       |       |       |       |       |       |       ||    26
         Ring mail         |       |     3 |    76 |    34 |       |       |       |       |       ||   113
         Troll leather arm |       |       |       |    91 |   158 |   164 |   254 |   300 |    58 ||  1025
  Dodge: Dodged            |    21 |    55 |   108 |   239 |   367 |   765 |  1007 |   916 |   217 ||  3695
  Block: Buckler           |    11 |    11 |    63 |   166 |   290 |   497 |   620 |   596 |   124 ||  2378

Table legend: (Time is in decaauts)
 A = Elapsed time spent in this place.
 B = Non-inter-level travel time spent in this place.
 C = Inter-level travel time spent in this place.
 D = Time resting spent in this place.
 E = Time spent auto-exploring this place.
 F = Levels seen in this place.
 G = Mean time per level.
                   A        B        C        D        E       F      G
               +--------+--------+--------+--------+--------+-----+--------+
         Total |  71041 |  63302 |   7739 |  19549 |  24677 |  49 | 1449.8 |
       Dungeon |  22589 |  18539 |   4050 |   4205 |   9059 |  15 | 1505.9 |
        Temple |    128 |    127 |      1 |      0 |      0 |   1 |  128.0 |
          Lair |   5843 |   4996 |    847 |    275 |   3287 |   5 | 1168.6 |
        Shoals |   6097 |   5936 |    161 |   2407 |   2027 |   4 | 1524.2 |
     Snake Pit |   5682 |   5446 |    236 |   1561 |   2116 |   4 | 1420.5 |
    Slime Pits |   2842 |   2780 |     62 |   1730 |      0 |   5 |  568.4 |
  Orcish Mines |   1527 |   1360 |    167 |    197 |    752 |   2 |  763.5 |
   Elven Halls |   6249 |   5857 |    392 |   2237 |   1731 |   3 | 2083.0 |
        Vaults |  15618 |  14094 |   1524 |   6242 |   3799 |   5 | 3123.6 |
        Depths |   4403 |   4110 |    293 |    694 |   1905 |   4 | 1100.8 |
    Desolation |     59 |     59 |      0 |      0 |      0 |   1 |   59.0 |
               +--------+--------+--------+--------+--------+-----+--------+

Top non-repeatable levels by time:
Vaults:4: 7513 daAuts
    D:14: 3262 daAuts
   Elf:3: 2967 daAuts
Shoals:3: 2814 daAuts
Vaults:1: 2758 daAuts
    D:12: 2413 daAuts
     D:7: 2031 daAuts
 Snake:3: 2025 daAuts
Vaults:3: 2019 daAuts
Vaults:5: 1799 daAuts
Depths:2: 1795 daAuts
 Snake:4: 1774 daAuts
   Elf:2: 1655 daAuts
   Elf:1: 1626 daAuts
    D:10: 1592 daAuts
